 Dungeon Crawl Stone Soup version 0.31-a0-1338-gb567cfdca4 (webtiles) character file.

Game seed: 2403136442705725038

123 Rennog the Trooper (level 4, -3/39 HPs)
             Began as a Demonspawn Monk on Dec 22, 2023.
             Slain by an ogre
             ... wielding a +0 giant club
              (19 damage)
             ... on level 3 of the Dungeon.
             The game lasted 00:01:47 (1837 turns).

Rennog the Trooper (Demonspawn Monk)                Turns: 1837, Time: 00:01:48

Health: -3/39      AC:  8    Str: 13    XL:     4   Next: 79%
Magic:  4/4        EV:  9    Int: 11    God:
Gold:   47         SH:  0    Dex: 15    Spells: 3/3 levels left

rFire   . . .        a - +0 falchion
rCold   . . .        d - orb {light}
rNeg    . . .        n - +0 scale mail
rPois   .            (no helmet)
rElec   .            (no cloak)
rCorr   .            (no gloves)
SInv    .            (no boots)
Will    .....        (no amulet) Stlth
                     (no ring)
HPRegen 0.26/turn    (no ring)
MPRegen 0.09/turn

%: no passive effects
@: glowing
A: yellow scales 1, powered by death 1, demonic touch 1
a: no special abilities


You were on level 3 of the Dungeon.
You visited 1 branch of the dungeon, and saw 3 of its levels.

You collected 47 gold pieces.

Inventory:

Hand Weapons
 a - a +0 falchion (weapon)
Armour
 b - a +0 robe
 d - an orb of light (worn)
 n - a +0 scale mail (worn)
Magical Staves
 k - a staff of death
Scrolls
 e - 2 scrolls of teleportation {unknown}
 f - a scroll of revelation {unknown}
 g - 3 scrolls of poison {unknown}
 j - a scroll of torment {unknown}
Potions
 c - a potion of ambrosia
 h - 2 potions of attraction {unknown}
 i - 2 potions of brilliance {unknown}
 l - a potion of might {unknown}
 m - a potion of enlightenment {unknown}


   Skills:
 + Level 5.6 Fighting
 - Level 2.6 Long Blades
 - Level 2.6 Dodging


You had 3 spell levels left.
You didn't know any spells.
Your spell library contained the following spells:

 Spells                   Type           Power      Damage    Failure   Level
 Freeze                   Ice            0%         1d3       87%         1
 Frozen Ramparts          Ice            0%         1d1       99%         3
 Hailstorm                Conj/Ice       0%         3d5       99%         3
 Leda's Liquefaction      Alch/Erth      0%         N/A       100%        4
 Petrify                  Alch/Erth      0%         N/A       100%        4
 Iskenderun's Battlesphe  Conj           0%         2d6       100%        5
 Metabolic Englaciation   Hex/Ice        0%         N/A       100%        5
 Bombard                  Conj/Erth      0%         9d1       100%        6
 Spellforged Servitor     Conj/Summ      0%         N/A       100%        7


Dungeon Overview and Level Annotations

Branches:
Dungeon (3/15)

Altars:


Innate Abilities, Weirdness & Mutations

You are partially covered in yellow scales. (AC +2)
You regenerate a little health from kills.
Your touch may inflict minor irresistible damage on your foes.


Message History

An ogre comes into view. It is wielding a +0 giant club.
The ogre shouts!
You hit the rat.
The rat is heavily wounded.
The rat bites you but does no damage.
You hit the rat.
You kill the rat!
The goblin hits you but does no damage.
You slash the goblin!
You kill the goblin!
A kobold comes into view. It is wielding a +0 short sword.
The kobold shouts!
You hit the ogre.
The ogre is moderately wounded.
You hear a shout!
The ogre hits you with a +0 giant club!
You hit the ogre.
The ogre is moderately wounded.
You hit the ogre.
The ogre is heavily wounded.
The ogre hits you with a +0 giant club.
You slash the ogre!
The ogre is severely wounded.
The ogre hits you but does no damage.
You hit the ogre.
The ogre is severely wounded.
The kobold closely misses you. The ogre hits you with a +0 giant club!
You are too injured to fight recklessly!
You are too injured to fight recklessly!
You are too injured to fight recklessly!
You are too injured to fight recklessly!
You are too injured to fight recklessly!
You are too injured to fight recklessly!
You are too injured to fight recklessly!
You hit the ogre.
The ogre is severely wounded.
The kobold closely misses you.
A hobgoblin comes into view.
The ogre hits you with a +0 giant club!!
You die...

.... . ...###. .......
..^#.# # .. #..#.#
#.....##..#.# ####
.........#.######....
..#.#.#####.#.#<......#
......O@......#)##.####
......K.....#.#.#..#
......#######.#...##
..#.#. #.........## . #
. #.###..#.## .g
..........##
###......>.....# #
#....#######.###.#.. #.
.. #........


You could see an ogre, a hobgoblin and a kobold.

Vanquished Creatures
  Jessica (D:2)
  4 adders (D:2)
  A worm (D:2)
  A dart slug (D:2)
  3 bats
  2 endoplasms (D:1)
  4 giant cockroaches
  6 goblins
  8 hobgoblins
  6 jackals (D:2)
  A ball python (D:2)
  2 frilled lizards (D:1)
  7 kobolds
  7 rats
53 creatures vanquished.

Notes
Turn   | Place    | Note
-------+----------+-------------------------------------------
     0 | D:1      | Rennog the Demonspawn Monk began the quest for the Orb.
     0 | D:1      | Reached XP level 1. HP: 18/18 MP: 1/1
   102 | D:1      | Gained mutation: You regenerate a little health from kills.
                  | [demonic ancestry]
   102 | D:1      | Reached XP level 2. HP: 24/24 MP: 2/2
   543 | D:1      | Reached skill level 4 in Fighting
   751 | D:2      | Noticed Jessica
   754 | D:2      | Killed Jessica
   755 | D:2      | Gained mutation: You are partially covered in yellow
                  | scales. (AC +2) [demonic ancestry]
   755 | D:2      | Reached XP level 3. HP: 14/31 MP: 3/3
   926 | D:2      | Gained mutation: Your touch may inflict minor irresistible
                  | damage on your foes. [demonic ancestry]
   926 | D:2      | Reached XP level 4. HP: 26/38 MP: 4/4
  1089 | D:2      | Reached skill level 5 in Fighting
  1827 | D:3      | Noticed an ogre
  1837 | D:3      | Slain by an ogre

Illustrated notes

Levels and vault maps discovered:
D:1:      reono_arrival_mine, layout_loops_ring, reono_crystal_passage,
          serial_park_tiny_pond
D:2:      layout_loops_corners, uniq_jessica
D:3:      layout_basic, grunt_qazlal_clouds, nicolae_ecumenical_snake_handling

Skill      XL: |  1  2  3  4 |
---------------+-------------+-----
Fighting       | 4 5 |  5.6
Long Blades    | |  2.6
Dodging        | |  2.6

Action                     |  1- 3 |  4- 6 || total
---------------------------+-------+-------++-------
  Melee: Falchion          |    69 |    77 ||   146
 Armour: Robe              |    41 |    41 ||    82
         Scale mail        |       |     8 ||     8
  Dodge: Dodged            |    36 |    51 ||    87

Table legend: (Time is in decaauts)
 A = Elapsed time spent in this place.
 B = Non-inter-level travel time spent in this place.
 C = Inter-level travel time spent in this place.
 D = Time resting spent in this place.
 E = Time spent auto-exploring this place.
 F = Levels seen in this place.
 G = Mean time per level.
                   A        B        C        D        E       F      G
               +--------+--------+--------+--------+--------+-----+--------+
         Total |   1860 |   1806 |     54 |      0 |   1468 |   3 |  620.0 |
       Dungeon |   1860 |   1806 |     54 |      0 |   1468 |   3 |  620.0 |
               +--------+--------+--------+--------+--------+-----+--------+

Top non-repeatable levels by time:
     D:2: 1047 daAuts
     D:1: 729 daAuts
     D:3: 83 daAuts
